 Dungeon Crawl Stone Soup version 0.18-a0-1577-gf591c28 (webtiles) character file.

228 M4edhros the Sneak (level 6, 0/38 HPs)
             Began as an Octopode Artificer on Mar 22, 2016.
             Slain by a goblin (4 damage)
             ... led by Robin
             ... on level 2 of the Dungeon.
             The game lasted 00:02:04 (1710 turns).

M4edhros the Sneak (Octopode Artificer)             Turns: 1710, Time: 00:02:04

Health: 0/38       AC:  1    Str: 10 (11) XL:     6   Next: 2%
Magic:  8/8        EV: 13    Int: 13 (14) God:
Gold:   121        SH:  0    Dex: 13 (14) Spells: 0 memorised, 5 levels left

rFire  . . .     SeeInvis .     a - +0 short sword
rCold  . . .     Gourm    .     (no shield)
rNeg   . . .     Faith    .     (helmet restricted)
rPois  .         Spirit   .     (no amulet)
rElec  .         Dismiss  .     i - ring of sustain attributes
rCorr  .         Reflect  .     h - ring of teleportation
SustAt +         Harm     .     (no ring)
MR     .....     Rnd*Tele +     (no ring)
Stlth  +++++.....               (no ring)
                                (no ring)
                                (no ring)
                                (no ring)

@: lethally poisoned (0 -> -4), not resistant to hostile enchantments, quite
stealthy
A: almost no armour, amphibious, 8 rings, constrict 8, camouflage 1, gelatinous
body 1
a: no special abilities


You were on level 2 of the Dungeon.
You were not hungry.

You visited 1 branch of the dungeon, and saw 2 of its levels.

You collected 121 gold pieces.

Inventory:

Hand Weapons
 a - a +0 short sword (weapon)
Missiles
 j - 76 stones (quivered)
 o - 2 javelins of returning
Jewellery
 h - a ring of teleportation (right tentacle)
 i - a ring of sustain attributes (left tentacle)
Wands
 b - a wand of flame (9/48)
 c - a wand of enslavement (15/24)
 d - a wand of random effects (15/48)
Scrolls
 e - 2 scrolls of teleportation
 g - 2 scrolls of remove curse
 k - a scroll of recharging {unknown}
 p - a scroll of noise {unknown}
Comestibles
 f - a bread ration
 l - a beef jerky


   Skills:
 - Level 1.0 Fighting
 - Level 1.0 Short Blades
 + Level 3.9 Dodging
 * Level 6.6 Stealth
 - Level 3.2 Evocations


You had 5 spell levels left.
You didn't know any spells.

Dungeon Overview and Level Annotations

Branches:
Dungeon (2/15)

Altars:
Dithmenos

Annotations:
D:2 Terence


Innate Abilities, Weirdness & Mutations

You cannot wear most types of armour.
You are amphibious.
You can wear up to eight rings at the same time.
You can use your tentacles to constrict eight enemies at once.
Your skin changes colour to match your surroundings (Stealth).
Your rubbery body absorbs attacks (AC +1).


Message History

You barely miss the goblin. Your grab misses the goblin.
The goblin barely misses you. The goblin hits you but does no damage.
The goblin hits you.
* * * LOW HITPOINT WARNING * * *
Unknown command.
Unknown command.
You closely miss the goblin. You grab the goblin. You constrict the goblin.
You feel sick. The goblin misses you. The goblin hits you with a dagger.
* * * LOW HITPOINT WARNING * * *
The goblin hits you.
* * * LOW HITPOINT WARNING * * *
Unknown command.
Unknown command.
Unknown command.
You hit the goblin.
You kill the goblin!
You constrict the goblin. The goblin hits you with a dagger.
* * * LOW HITPOINT WARNING * * *
The goblin hits you.
You die...

#.....#####.###.#.......#@#.#
#............................
#.........#.###.#..#..##.....
####......#.###.#..#..##.####
#......#...#.......##.....
#.†....###.###.........###
#......# #.........##..# # ####
#...)..#######.###.##..# # ...#
#.>.....)@gg.......†..)# #
##.######'#######g###.###.##..###
..........# .....# #.##.....
##.######## #.#### #.##..##.
#.......# #.######.##..##.
#.......# #.##......#..###
#.......# #..#......#..###
........## #.#......#..)..
........... ####........#.####


You could see 3 goblins.

Vanquished Creatures
  Sigmund (D:2)
  Robin (D:2)
  An adder (D:2)
  2 worms (D:2)
  A giant gecko (D:2)
  2 giant cockroaches (D:1)
  8 goblins
  7 hobgoblins
  2 jackals (D:1)
  6 kobolds
  6 bats
  2 rats
39 creatures vanquished.

Notes
Turn   | Place    | Note
--------------------------------------------------------------
     0 | D:1      | M4edhros the Octopode Artificer began the quest for the Orb.
     0 | D:1      | Reached XP level 1. HP: 13/13 MP: 3/3
   141 | D:1      | Reached skill level 2 in Stealth
   271 | D:1      | Reached XP level 2. HP: 18/18 MP: 4/4
   863 | D:2      | Found a faded altar to an unknown god.
   865 | D:2      | Noticed Robin
   866 | D:2      | Noticed Terence
  1124 | D:2      | Reached skill level 3 in Stealth
  1124 | D:2      | Reached XP level 3. HP: 23/23 MP: 5/5
  1152 | D:2      | Found a shadowy altar of Dithmenos.
  1271 | D:2      | Noticed Sigmund
  1281 | D:2      | Killed Sigmund
  1281 | D:2      | Reached skill level 6 in Stealth
  1281 | D:2      | Reached XP level 4. HP: 9/28 MP: 6/6
  1281 | D:2      | Reached XP level 5. HP: 10/33 MP: 7/7
  1707 | D:2      | Killed Robin
  1707 | D:2      | Reached XP level 6. HP: 12/38 MP: 8/8
  1710 | D:2      | Slain by a goblin

Vault maps used:
D:1:      dpeg_arrival_three_same_balls, moated_statue,
          kennysheep_pointless_box, minmay_misc_feat_room
D:2:      overflow_temple_1_default, ecumenical_altar_2, uniq_robin,
          uniq_terence, uniq_sigmund

Skill      XL: |  1  2  3 |
---------------+----------+-----
Stealth        | 2 3 6 |  6.6
Dodging        | 3 |  3.9
Fighting       | |  1.0
Short Blades   | |  1.0
Evocations     | |  3.2

Action                   |  1- 3 |  4- 6 || total
-------------------------+-------+-------++-------
Melee: Short sword       |    42 |    26 ||    68
Evoke: Wand              |     6 |       ||     6
  Use: Potion            |     1 |     2 ||     3
       Scroll            |       |     2 ||     2
 Stab: Sleeping          |    11 |     3 ||    14
       Distracted        |       |     1 ||     1
  Eat: Chunk             |     1 |     1 ||     2
